[Event "*** Titled Tuesday Blitz"]
[Site "Chess.com"]
[Date "2019.10.01"]
[Round "10"]
[White "santosalberto1987"]
[Black "j_coca"]
[Result "1-0"]
[WhiteElo "2369"]
[BlackElo "2119"]
[TimeControl "180+2"]
[EndTime "15:22:59 PDT"]
[Termination "santosalberto1987 won by resignation"]

1. e4 g6 2. d4 Bg7 3. Nc3 d6 4.
Be3 Nc6 5. Qd2 e5 6. Nge2 f5 7. exf5 Bxf5 8. O-O-O Nf6 9. dxe5 Nxe5 10. Nd4 Bd7 11.
f4 Neg4 12. Bc4 c6 13. Rhe1 d5 14. Bg1+ Kf7 15. Bb3 Re8 16. Nf3 Qc7 17. h3 Nh6 18. g4 Nhg8 19. Ng5+ Kf8 20. Bc5+ Ne7 21. Ne6+ Bxe6 22. Rxe6 b6 23. Bd6 Qd7 24. Rde1 Ng8 25.
Nxd5 cxd5 26. Qxd5 Rad8 27. Rxe7 1-0

[Event "*** Titled Tuesday Blitz"]
[Site "Chess.com"]
[Date "2019.10.01"]
[Round "10"]
[White "731291"]
[Black "vova-79"]
[Result "1/2-1/2"]
[WhiteElo "2646"]
[BlackElo "2485"]
[TimeControl "180+2"]
[EndTime "15:23:00 PDT"]
[Termination "Game drawn by agreement"]

1. d4 d5 2. Nf3 Nf6 3. c4 c6 4. Nc3 e6 5. e3 Nbd7 6. Qc2 Bd6 7. b3 O-O 8. cxd5 exd5 9. Bd3 Re8 10. O-O Nf8 11. Bb2 Ng6 12. a4 Qe7 13. a5 Bg4 14.
Nd2 Bd7 15. Na4 Rad8 16. Nc5 Bc8 17. b4 Ng4 18. Nf3 b6 19. axb6 axb6 20. Na6 1/2-1/2

[Event "*** Titled Tuesday Blitz"]
[Site "Chess.com"]
[Date "2019.10.01"]
[Round "10"]
[White "MarcoRiehle"]
[Black "Natalya_Buksa"]
[Result "1-0"]
[WhiteElo "2582"]
[BlackElo "2454"]
[TimeControl "180+2"]
[EndTime "15:23:21 PDT"]
[Termination "MarcoRiehle won by resignation"]

1. e4 c5 2. a3 Nc6 3. b4 cxb4 4. axb4 Nxb4 5. c3 Nc6 6. d4 d5 7. exd5 Qxd5 8. Na3 a6 9. Nb5 Qd8 10. d5 Na7 11.
Nxa7 Rxa7 12. Be3 Ra8 13. Nf3 Nf6 14. Ne5 Qxd5 15. Qxd5 Nxd5 16. Bb5+ Kd8 17. Nxf7+ Kc7 18. Nxh8 e5 19. Nf7 Nxc3 20. Bd3 Bb4 21. O-O Be6 1-0

[Event "*** Titled Tuesday Blitz"]
[Site "Chess.com"]
[Date "2019.10.01"]
[Round "10"]
[White "ExploringChess"]
[Black "Keranke"]
[Result "1-0"]
[WhiteElo "2966"]
[BlackElo "2815"]
[TimeControl "180+2"]
[EndTime "15:23:23 PDT"]
[Termination "ExploringChess won by resignation"]

1. e4 g6 2. d3 Bg7 3. Nd2 Nf6 4. Ngf3 O-O 5. g3 d5 6. Bg2 c5 7. O-O Nc6 8. Re1 e5 9. exd5 Nxd5 10. a4 h6 11. Nc4 Re8 12. c3 Bf5 13. a5 Qd7 14. Be3 Nxe3 15. Nxe3 Bxd3 16. Nd2 Rad8 17. Ne4 Qe7 18. Qb3 Kh8 19. Nd5 c4 20. Qb5 Qf8 21. a6 Rb8 22. axb7 Nd8 23. Nc5 Nxb7 24. Nxb7 e4 25.
Rxa7 f5 26. Qd7 Ra8 27. Nf4 1-0

[Event "*** Titled Tuesday Blitz"]
[Site "Chess.com"]
[Date "2019.10.01"]
[Round "10"]
[White "eldur16"]
[Black "ShadowJolteon"]
[Result "0-1"]
[WhiteElo "2619"]
[BlackElo "2402"]
[TimeControl "180+2"]
[EndTime "15:23:32 PDT"]
[Termination "ShadowJolteon won by checkmate"]

1. e4 c6 2. d4 d5 3. e5 c5 4. dxc5 Nc6 5. Nf3 Bg4 6. Be2 e6 7. Nbd2 Bxc5 8. O-O Nge7 9. c4 O-O 10. a3 a5 11. b3 Ng6 12. Bb2 Nf4 13. h3 Bxh3 14. gxh3 Nxh3+ 15. Kh2 Nf4 16. cxd5 exd5 17. Qc2 Bd4 18.
Bxd4 Nxd4 19. Qb2 Ndxe2 20. Rae1 Qd7 21. Ng5 Qg4 22. Ndf3 Qg2# 0-1

[Event "*** Titled Tuesday Blitz"]
[Site "Chess.com"]
[Date "2019.10.01"]
[Round "10"]
[White "GianmarcoVaR"]
[Black "bascheyaro"]
[Result "0-1"]
[WhiteElo "2598"]
[BlackElo "2756"]
[TimeControl "180+2"]
[EndTime "15:23:52 PDT"]
[Termination "bascheyaro won by resignation"]

1. Nf3 Nf6 2. g3 d5 3. Bg2 Bf5 4. O-O e6 5. Nh4 Be4 6. f3 Bg6 7. f4 Be4 8. Nf3 c5 9. d3 Bg6 10. Nh4 Nc6 11. Qe1 Qb6 12. c3 c4+ 13. d4 Be4 14. Nf3 h5 15. Nbd2 g6 16. b3 cxb3 17.
axb3 h4 18. Nxh4 Nxd4 19. Qf2 Ng4 20. Nxe4 Nxe2+ 21. Kh1 Nxf2+ 22. Rxf2 Nxc1 23. Nf6+ Ke7 24. Nxd5+ exd5 25. Rxc1 Qxf2 0-1

[Event "*** Titled Tuesday Blitz"]
[Site "Chess.com"]
[Date "2019.10.01"]
[Round "10"]
[White "fidetrainerNET"]
[Black "kasparicy"]
[Result "0-1"]
[WhiteElo "2201"]
[BlackElo "2397"]
[TimeControl "180+2"]
[EndTime "15:23:54 PDT"]
[Termination "kasparicy won by checkmate"]

1. c4 Nf6 2. g3 g6 3. Bg2 d5 4. cxd5 Nxd5 5. e4 Nb6 6. d4 Bg7 7. Ne2 O-O 8. O-O a5 9. h3 a4 10.
Nbc3 a3 11. bxa3 Nc6 12. Be3 Bd7 13. d5 Na5 14. Bd4 Nac4 15. Bxg7 Kxg7 16. a4 e5 17. dxe6 Bxe6 18. Nd4 Bd7 19. f4 Nxa4 20. Nxa4 Bxa4 21. Qd3 b5 22. Qc3 Kg8 23. f5 c5 24. Nb3 Bxb3 25. axb3 Rxa1 26. Qxa1 Nd2 27. Rd1 Nxb3 28. Qb1 Nd4 29. Qc1 Qd6 30. Kh2 b4 31. Qg5 Qe5 32.
Rc1 b3 33. h4 b2 34. Rb1 Rb8 35. fxg6 Qxg5 36. gxf7+ Kxf7 37. hxg5 c4 38. Bf1 c3 39. Bc4+ Kg6 40. e5 c2 41. Bd3+ Kxg5 42. Rf1 c1=Q 43. Rf5+ Nxf5 44. g4 Qd2+ 45. Kg1 b1=Q+ 46.
Bxb1 Rxb1# 0-1

[Event "*** Titled Tuesday Blitz"]
[Site "Chess.com"]
[Date "2019.10.01"]
[Round "10"]
[White "Perecke"]
[Black "Vojtap"]
[Result "0-1"]
[WhiteElo "2072"]
[BlackElo "2149"]
[TimeControl "180+2"]
[EndTime "15:23:56 PDT"]
[Termination "Vojtap won by resignation"]

1. e4 c5 2. Nf3 d6 3. d4 cxd4 4.
Nxd4 Nf6 5. Nc3 a6 6. h3 e6 7. g4 d5 8. Bg2 Bb4 9. Ne2 O-O 10. O-O dxe4 11. Nxe4 Nxe4 12. Bxe4 Nc6 13. c3 Bd6 14. Be3 Qe7 15. Qc2 f5 16. gxf5 exf5 17.
Bd5+ Kh8 18. Nd4 f4 19. Bxc6 bxc6 20. Bd2 Qg5+ 21. Kh1 Qh4 22. Qd3 Bxh3 23. Nf3 Bxf1+ 0-1

[Event "*** Titled Tuesday Blitz"]
[Site "Chess.com"]
[Date "2019.10.01"]
[Round "10"]
[White "ChessWarrior7197"]
[Black "doons21"]
[Result "1-0"]
[WhiteElo "2895"]
[BlackElo "2609"]
[TimeControl "180+2"]
[EndTime "15:24:01 PDT"]
[Termination "ChessWarrior7197 won by resignation"]

1. e4 e6 2. d4 d5 3. Nc3 Bb4 4. Ne2 Nc6 5. a3 Ba5 6. e5 f6 7. Nf4 fxe5 8. Qh5+ Kf8 9. dxe5 Qe8 10. Qf3 Qf7 11. Bb5 Nxe5 12. Qe2 Ng6 13. Nxg6+ Qxg6 14. O-O Nf6 15. Bd3 Qf7 16. b4 Bb6 17. Na4 Bd4 18. c3 Bd7 19. cxd4 Bxa4 20. b5 c6 21. bxc6 Bxc6 22. Bf4 Re8 23. f3 Nd7 24. Bd6+ Kg8 25. Rae1 Qf6 26. Qe3 g5 27. f4 g4 28. f5 e5 29.
dxe5 Qxd6 30. Qg5+ 1-0

[Event "*** Titled Tuesday Blitz"]
[Site "Chess.com"]
[Date "2019.10.01"]
[Round "10"]
[White "CzechmVIII"]
[Black "Sjakkerntobi"]
[Result "0-1"]
[WhiteElo "2100"]
[BlackElo "2058"]
[TimeControl "180+2"]
[EndTime "15:24:18 PDT"]
[Termination "Sjakkerntobi won by resignation"]

1. e4 Nc6 2. Nf3 e6 3. d4 d5 4.
Nc3 Nf6 5. Bg5 Be7 6. Bxf6 Bxf6 7. Qd2 dxe4 8. Nxe4 Bxd4 9. O-O-O Bf6 10. Qf4 Qe7 11. Bb5 Bxb2+ 12. Kxb2 Qb4+ 13. Ka1 Qxb5 14. Qxc7 O-O 15. Rhe1 e5 16. Nd6 Qc5 17. Ne4 Qa3 18. Rd3 Qb4 19. Qd6 Be6 20. Qxb4 Nxb4 21. Rd6 Nxc2+ 22.
Kb2 Nxe1 23. Nxe1 Rfd8 0-1

[Event "*** Titled Tuesday Blitz"]
[Site "Chess.com"]
[Date "2019.10.01"]
[Round "10"]
[White "WeAintSurePal"]
[Black "ferdipy"]
[Result "1-0"]
[WhiteElo "2349"]
[BlackElo "2174"]
[TimeControl "180+2"]
[EndTime "15:24:19 PDT"]
[Termination "WeAintSurePal won by checkmate"]

1. d4 Nf6 2. Nc3 e6 3. Bf4 d5 4. e3 a6 5. a4 c5 6. Nf3 Nc6 7. h3 Qb6 8. Qd2 cxd4 9. exd4 Bb4 10. Bd3 Ne4 11. Bxe4 dxe4 12. Ne5 Qxd4 13. Nxc6 Qxd2+ 14. Bxd2 Bxc3 15. Bxc3 bxc6 16. Bb4 e5 17. O-O-O Be6 18. Rd6 Bd5 19. Rd1 f5 20. b3 Rb8 21. Bc5 Kf7 22. Rd7+ Kg6 23. c4 Rxb3 24. Kc2 Bxc4 25. R1d6+ Kh5 26. Rxg7 h6 27. Rf6 Rg8 28. Rxf5+ Kh4 29.
Be7# 1-0

[Event "*** Titled Tuesday Blitz"]
[Site "Chess.com"]
[Date "2019.10.01"]
[Round "10"]
[White "ChessBitl"]
[Black "MikeSailer"]
[Result "0-1"]
[WhiteElo "2265"]
[BlackElo "2098"]
[TimeControl "180+2"]
[EndTime "15:24:36 PDT"]
[Termination "MikeSailer won by checkmate"]

1. e4 d5 2. exd5 Qxd5 3. Nf3 Bg4 4. Be2 Nc6 5. O-O O-O-O 6. d3 e5 7. Be3 Nf6 8. h3 Bxf3 9. Bxf3 Qd7 10. Nc3 Kb8 11.
Ne4 Nd5 12. Be2 Nd4 13. Bxd4 exd4 14. Bf3 f5 15. Nd2 g5 16. Nc4 Rg8 17. Ne5 Qg7 18. Re1 Nf4 19. Qd2 h5 20. Qb4 Bxb4 21. c3 Bd6 22.
cxd4 Bxe5 23. dxe5 Nxd3 24. Re3 Nxe5 25. Rae1 Nxf3+ 26.
gxf3 b6 27. Kg2 Qxb2 28. R1e2 Qd4 29. Re7 g4 30. hxg4 hxg4 31. f4 Qd5+ 32. Kg3 Qf3+ 33. Kh4 Qh3# 0-1

[Event "*** Titled Tuesday Blitz"]
[Site "Chess.com"]
[Date "2019.10.01"]
[Round "10"]
[White "SloLev"]
[Black "Saitama_Hero"]
[Result "0-1"]
[WhiteElo "2449"]
[BlackElo "2337"]
[TimeControl "180+2"]
[EndTime "15:24:46 PDT"]
[Termination "Saitama_Hero won by checkmate"]

1. d4 Nf6 2. Bf4 c5 3. d5 e6 4. Nc3 a6 5. e4 b5 6. e5 Nxd5 7. Nxd5 exd5 8. Qxd5 Nc6 9. Nf3 Bb7 10. O-O-O Be7 11.
Bd3 Na5 12. Be4 Bxd5 13. Bxd5 Rc8 14. Rhe1 O-O 15. Be4 Nc4 16. b3 Nb6 17. g4 c4 18.
Kb1 Qc7 19. Nd4 g6 20. h4 Bc5 21. Nf5 gxf5 22. gxf5 Bxf2 23. Re2 cxb3 24. axb3 Qc5 25. Rf1 Bd4 26. f6 Qc3 27. Rg1+ Kh8 28. Kc1 Qa1+ 29.
Kd2 Qxg1 30. Bh6 Bc3+ 31. Kd3 Qd4# 0-1

[Event "*** Titled Tuesday Blitz"]
[Site "Chess.com"]
[Date "2019.10.01"]
[Round "10"]
[White "tteshan"]
[Black "Shubinkirill2003"]
[Result "1-0"]
[WhiteElo "2305"]
[BlackElo "2518"]
[TimeControl "180+2"]
[EndTime "15:24:57 PDT"]
[Termination "tteshan won by resignation"]

1. e4 e6 2. d4 d5 3. Nd2 Be7 4. Ngf3 Nf6 5. Bd3 c5 6. e5 Nfd7 7. c3 Nc6 8. O-O h5 9. Re1 g5 10. dxc5 g4 11. Nd4 Ndxe5 12. N2b3 Nxd3 13. Qxd3 Bd7 14. Bf4 Nxd4 15. cxd4 Bg5 16. Bd6 Qf6 17. Na5 Qh6 18. Nxb7 h4 19. b4 a6 20. a4 h3 21.
g3 Bd2 22. Reb1 f5 23. b5 Kf7 24. c6 Be8 25. Be5 Rg8 26. Nd6+ Kg6 27. Nxe8 Raxe8 28. b6 Ba5 29. b7 Rb8 30. c7 1-0

[Event "*** Titled Tuesday Blitz"]
[Site "Chess.com"]
[Date "2019.10.01"]
[Round "10"]
[White "Mikhail_Golubev"]
[Black "1stSecond"]
[Result "0-1"]
[WhiteElo "2511"]
[BlackElo "2829"]
[TimeControl "180+2"]
[EndTime "15:25:02 PDT"]
[Termination "1stSecond won by resignation"]

1. e4 c5 2. Nf3 Nc6 3. Nc3 d6 4. d4 cxd4 5. Nxd4 Nf6 6. Bc4 e6 7. Be3 a6 8. Bb3 Na5 9. f4 Be7 10. O-O O-O 11. f5 e5 12. Nde2 Nxb3 13. axb3 b5 14. Nd5 Bb7 15. Nxe7+ Qxe7 16. Bg5 Bxe4 17.
Ng3 Bc6 18. Nh5 Qa7+ 19. Kh1 Nxh5 20. Qxd6 Qb7 21. Rf2 Nf4 22. Bxf4 exf4 23. f6 Rfe8 24. Qxf4 Be4 0-1

[Event "*** Titled Tuesday Blitz"]
[Site "Chess.com"]
[Date "2019.10.01"]
[Round "10"]
[White "LazarusChess92"]
[Black "novocane"]
[Result "1/2-1/2"]
[WhiteElo "2506"]
[BlackElo "2318"]
[TimeControl "180+2"]
[EndTime "15:25:08 PDT"]
[Termination "Game drawn by agreement"]

1. e4 c5 2. Na3 Nc6 3. Bb5 Nf6 4. d3 g6 5. Nf3 Bg7 6. O-O O-O 7. Bxc6 dxc6 8. Be3 b6 9. Nc4 Ba6 10. Nfd2 Ne8 11.
Rb1 Nd6 12. a3 Nxc4 13. Nxc4 Bxc4 14. dxc4 Qxd1 15. Rfxd1 Rfd8 16. c3 Kf8 17. a4 Ke8 18. f4 Rxd1+ 19. Rxd1 Rd8 20. Rxd8+ Kxd8 21. Kf2 Kd7 22. g4 e6 23. Kf3 f5 24. e5 Bf8 25.
h3 Be7 26. gxf5 exf5 27. Bf2 Ke6 28. a5 h6 29. axb6 axb6 30. b3 g5 31. Be3 1/2-1/2

[Event "*** Titled Tuesday Blitz"]
[Site "Chess.com"]
[Date "2019.10.01"]
[Round "10"]
[White "Gubajdullin"]
[Black "comsac"]
[Result "1-0"]
[WhiteElo "2614"]
[BlackElo "2262"]
[TimeControl "180+2"]
[EndTime "15:25:08 PDT"]
[Termination "Gubajdullin won by resignation"]

1. d4 d5 2. Bf4 e6 3. e3 Nf6 4.
Nd2 Be7 5. Bd3 O-O 6. Ngf3 b6 7. Ne5 Bb7 8. h4 c5 9. c3 Nbd7 10. Qf3 Nxe5 11. dxe5 Ne4 12. Nxe4 dxe4 13. Bxe4 Bxe4 14. Qxe4 Qd5 15. Qxd5 exd5 16. O-O-O Rfd8 17. Bg5 Kf8 18. f4 Rd7 19. Bxe7+ Kxe7 20. h5 h6 21. g4 Rad8 22.
Rh2 d4 23. exd4 cxd4 24. Rhd2 d3 25. b3 f6 26. Re1 fxe5 27. Rxe5+ Kf6 28. Kb2 Rd5 29.
Re3 g6 30. hxg6 Kxg6 31. c4 Rd4 32. Rf3 h5 33. gxh5+ Kxh5 34. Kc3 Kg4 35. Rfxd3 Rxd3+ 36. Rxd3 Re8 37. Rd4 Re3+ 38. Kb4 Re2 39. a4 Re3 40. a5 bxa5+ 41. Ka4 Kf5 42. Rd7 Kxf4 43. Rxa7 Kf5 44.
Rxa5+ Ke6 45. Rd5 Re1 46. Rd2 Ra1+ 47. Kb5 Ra8 48. c5 Rb8+ 49. Kc4 1-0

[Event "*** Titled Tuesday Blitz"]
[Site "Chess.com"]
[Date "2019.10.01"]
[Round "10"]
[White "GelmanAlexander"]
[Black "anon132639"]
[Result "0-1"]
[WhiteElo "2498"]
[BlackElo "2672"]
[TimeControl "180+2"]
[EndTime "15:25:10 PDT"]
[Termination "anon132639 won by checkmate"]

1. e4 c5 2. b4 e5 3. f4 exf4 4. Nf3 d5 5. exd5 Nf6 6. c4 cxb4 7. a3 b5 8. d3 Bc5 9. Qe2+ Kf8 10. Bxf4 Bg4 11.
h3 Bxf3 12. Qxf3 Bd4 13. Ra2 b3 14. Re2 Qa5+ 15. Bd2 Qb6 16. g4 Nbd7 17. g5 Ne8 18.
Bg2 Nd6 19. Rf1 Ne5 20. Rxe5 Bxe5 21. Bb4 Qc7 22. c5 Re8 23. Kd1 Nb7 24. d6 Nxd6 25.
cxd6 Qc2+ 26. Ke1 Bg3# 0-1

[Event "*** Titled Tuesday Blitz"]
[Site "Chess.com"]
[Date "2019.10.01"]
[Round "10"]
[White "PowerThinking2650"]
[Black "Samantha_Ross"]
[Result "0-1"]
[WhiteElo "2284"]
[BlackElo "2090"]
[TimeControl "180+2"]
[EndTime "15:25:13 PDT"]
[Termination "Samantha_Ross won by resignation"]

1. e4 c5 2. Nf3 d6 3. d4 cxd4 4. Nxd4 Nf6 5. Nc3 g6 6. Be3 Bg7 7. f3 O-O 8. Qd2 Nc6 9. O-O-O Nxd4 10. Bxd4 Be6 11. Kb1 Qc7 12. g4 Rfc8 13. h4 Qa5 14. a3 Rab8 15. h5 b5 16. hxg6 hxg6 17. g5 b4 18. Nd5 Nxd5 19. Bxg7 Nc3+ 20. Ka1 Kxg7 21. Qd4+ Qe5 22. Qxe5+ dxe5 23. bxc3 Rxc3 24. Rd3 Rxc2 25.
Kb1 Ra2 26. a4 b3 27. Bh3 b2 28. Bxe6 Ra1+ 29. Kc2 Rxh1 30. Ba2 0-1

[Event "*** Titled Tuesday Blitz"]
[Site "Chess.com"]
[Date "2019.10.01"]
[Round "10"]
[White "PNEPaul"]
[Black "Siemba"]
[Result "1-0"]
[WhiteElo "1925"]
[BlackElo "2243"]
[TimeControl "180+2"]
[EndTime "15:25:22 PDT"]
[Termination "PNEPaul won by resignation"]

1. e4 c5 2. d4 cxd4 3. c3 dxc3 4.
Nxc3 Nc6 5. Nf3 g6 6. Bc4 Bg7 7. Bg5 h6 8. Bh4 g5 9. Bg3 e6 10. O-O Nge7 11. Qe2 O-O 12. e5 Nf5 13. Rfe1 a6 14.
a3 b5 15. Ba2 Bb7 16. Rad1 Qe7 17. Bb1 Rfd8 18. Ne4 Nxg3 19. Nxg3 d5 20. Qd3 f5 21. exf6 Bxf6 22. Nh5 Rd7 23. Qg6+ Bg7 24. Rxe6 Qf7 25. Nf6+ Kf8 26. Nxd7+ Qxd7 27. Rde1 Qf7 28. Rxc6 Bxc6 29. Qxc6 Bxb2 30. Qxa8+ Kg7 31. Qe8 1-0

[Event "*** Titled Tuesday Blitz"]
[Site "Chess.com"]
[Date "2019.10.01"]
[Round "10"]
[White "chesstatour"]
[Black "Spring199"]
[Result "0-1"]
[WhiteElo "2046"]
[BlackElo "2340"]
[TimeControl "180+2"]
[EndTime "15:25:33 PDT"]
[Termination "Spring199 won by resignation"]

1. c4 e5 2. Nc3 Bb4 3. Nf3 Ne7 4. Nxe5 O-O 5. g3 d6 6. Nd3 Bxc3 7. dxc3 Be6 8. b3 Qd7 9. Nf4 Bg4 10. Bg2 Nbc6 11. O-O Ne5 12. Bxb7 Rab8 13. Bg2 Qf5 14. f3 g5 15.
fxg4 Qxg4 16. Bh3 gxf4 17. Bxg4 Nxg4 18. gxf4 Nf5 19. Qd3 Ng7 20. e4 f5 21. Bd2 Kh8 22.
Rae1 fxe4 23. Rxe4 Nf5 24. Rfe1 Rg8 25. h3 Ne5+ 26. Kh2 Nxd3 27. R1e2 Ng3 28. R2e3 Nxe4 29. Rxe4 Rbe8 0-1

[Event "*** Titled Tuesday Blitz"]
[Site "Chess.com"]
[Date "2019.10.01"]
[Round "10"]
[White "Bathory44"]
[Black "Nbk90"]
[Result "1-0"]
[WhiteElo "2612"]
[BlackElo "2477"]
[TimeControl "180+2"]
[EndTime "15:25:37 PDT"]
[Termination "Bathory44 won by resignation"]

1. e4 c5 2. c3 d5 3. exd5 Qxd5 4. Nf3 Nf6 5. d4 Bg4 6. dxc5 Qxc5 7. Na3 Nbd7 8. Be3 Qc8 9. h3 Bf5 10. Qa4 Be4 11.
O-O-O Bc6 12. Bb5 e6 13. Bxc6 Qxc6 14. Qxc6 bxc6 15. Nc4 Nd5 16. Na5 Nxe3 17. fxe3 Rc8 18. Nb7 Nc5 19. Nd6+ Bxd6 20. Rxd6 Ke7 21. Rhd1 Rc7 22.
Ne5 Rhc8 23. b4 Ne4 24. Rd7+ Ke8 25. Rxc7 Rxc7 26. Kc2 f6 27. Nc4 Ke7 28. a4 f5 29.
Ne5 g5 30. c4 h5 31. c5 a5 32.
Kb3 axb4 33. Kxb4 Rb7+ 34. Kc4 Kf6 35. Nd7+ Ke7 36. Nb6 Ra7 37. Nc8+ 1-0

[Event "*** Titled Tuesday Blitz"]
[Site "Chess.com"]
[Date "2019.10.01"]
[Round "10"]
[White "TrenerChos"]
[Black "NemtsevIgor"]
[Result "1/2-1/2"]
[WhiteElo "2393"]
[BlackElo "2305"]
[TimeControl "180+2"]
[EndTime "15:25:39 PDT"]
[Termination "Game drawn by repetition"]

1. e4 c6 2. d4 d5 3. Nc3 h6 4. Nf3 Nf6 5. exd5 cxd5 6. Ne5 a6 7. g3 Bf5 8. Bg2 e6 9. O-O Nbd7 10. Ne2 Nxe5 11.
dxe5 Nd7 12. c4 Nb6 13. cxd5 Nxd5 14. Nd4 Bg6 15. Qb3 Bc5 16. Bxd5 Qxd5 17. Qxd5 exd5 18.
Be3 O-O 19. f4 Be4 20. Rfc1 Bxd4 21. Bxd4 Rac8 22. Kf2 Rfd8 23. Ke3 Kf8 24. Bb6 Re8 25. b3 Ke7 26. Bc5+ Ke6 27. g4 h5 28. h3 hxg4 29.
hxg4 Rh8 30. Kd4 g6 31. Bd6 Rxc1 32. Rxc1 Rh2 33. a4 Rd2+ 34. Kc5 Rc2+ 35. Rxc2 Bxc2 36. Kb4 f6 37. Kc3 Bd1 38. a5 fxe5 39. Bxe5 Bxg4 40.
Kd4 Be2 41. b4 Bc4 42. Bb8 Bb5 43. Kc5 Bc6 44. Kd4 Bb5 45. Kc5 Bc6 46. Kd4 Bb5 1/2-1/2

[Event "*** Titled Tuesday Blitz"]
[Site "Chess.com"]
[Date "2019.10.01"]
[Round "10"]
[White "Keaton87"]
[Black "sergeikim"]
[Result "1-0"]
[WhiteElo "2597"]
[BlackElo "2492"]
[TimeControl "180+2"]
[EndTime "15:25:54 PDT"]
[Termination "Keaton87 won by resignation"]

1. d4 Nf6 2. Bg5 g6 3. Bxf6 exf6 4. e3 h5 5. h4 Bh6 6. g3 d6 7.
Bg2 Nd7 8. Ne2 f5 9. c4 Nf6 10. Nbc3 Ng4 11. O-O O-O 12. Nf4 c6 13. b4 a6 14. a4 Re8 15. b5 axb5 16. axb5 Rxa1 17. Qxa1 Bd7 18. Qa7 Bxf4 19. exf4 cxb5 20. Nxb5 Bc6 21. d5 Bxb5 22. cxb5 Qc7 23. b6 Qe7 24. Bf3 Nf6 25. Rc1 Kg7 26. Kg2 Ng4 27. Qa1+ Kh7 28.
Rc7 Qf8 29. Bxg4 fxg4 30. Qf6 Kg8 31. Rxb7 Rb8 32. Rd7 Qe8 33. Re7 Qf8 34. b7 Rd8 35. Rc7 Rb8 36. f5 gxf5 37. Qg5+ Kh7 38. Qxf5+ Kg8 39.
Rc8 1-0

[Event "*** Titled Tuesday Blitz"]
[Site "Chess.com"]
[Date "2019.10.01"]
[Round "10"]
[White "poliplaza"]
[Black "HrvojeZagreb"]
[Result "1-0"]
[WhiteElo "2304"]
[BlackElo "2097"]
[TimeControl "180+2"]
[EndTime "15:25:57 PDT"]
[Termination "poliplaza won by resignation"]

1. d4 e6 2. c4 f5 3. Nc3 Nf6 4. Nf3 d6 5. g3 Be7 6. Bg2 O-O 7. O-O Ne4 8. Qc2 Nxc3 9. Qxc3 Bf6 10. Rd1 a5 11. b3 Nc6 12. Bb2 Qe8 13. Qd2 e5 14. dxe5 dxe5 15. e3 Qh5 16. Qd5+ Kh8 17. Nxe5 Nxe5 18.
Bxe5 c6 19. Qd6 Qe8 20. Bxf6 Rxf6 21. Qc7 Rf8 22. Rd6 a4 23. Rad1 Be6 24. Qxb7 axb3 25. axb3 Rb8 26. Qxc6 Qxc6 27. Bxc6 Bf7 28. Ba4 Rb4 29.
Rd8 Kg8 30. c5 Bxb3 31. Rxf8+ Kxf8 32. Bxb3 Rxb3 33. Rc1 Rb7 34. c6 Rc7 35. h4 Ke7 36. Kg2 Kd6 37. Kf3 Rxc6 38. Rxc6+ Kxc6 39. Kf4 g6 40. h5 Kd5 41. hxg6 hxg6 42. Kg5 Ke4 43. Kxg6 1-0

[Event "*** Titled Tuesday Blitz"]
[Site "Chess.com"]
[Date "2019.10.01"]
[Round "10"]
[White "newauto"]
[Black "colegiodemadrid"]
[Result "0-1"]
[WhiteElo "2019"]
[BlackElo "2353"]
[TimeControl "180+2"]
[EndTime "15:26:01 PDT"]
[Termination "colegiodemadrid won on time"]

1. e4 e5 2. Nf3 Nc6 3. Bb5 g6 4. O-O Bg7 5. c3 d6 6. h3 Nf6 7. Re1 O-O 8. d4 Bd7 9. d5 Ne7 10. Bxd7 Nxd7 11. Nfd2 f5 12. f3 f4 13. c4 a5 14. a3 h5 15. Nc3 g5 16. Nf1 Ng6 17.
Bd2 Nf6 18. b4 axb4 19. axb4 Rxa1 20. Qxa1 g4 21. hxg4 hxg4 22. Kf2 gxf3 23. gxf3 c6 24. Nh2 Qb6+ 25. c5 Qxb4 26. cxd6 Qc5+ 27. Ke2 cxd5 28. Qa2 Qxd6 29. Nxd5 Nxd5 30. Qxd5+ Qxd5 31. exd5 Rd8 32. Rb1 Rxd5 33. Rxb7 Nh4 34. Ng4 Nxf3 35. Kxf3 Rxd2 36. Ke4 Rd4+ 37. Kf5 f3 38. Nh2 e4 39. Kg6 Rd6+ 40. Kf5 Rd4 41. Kg6 f2 42. Rb8+ Bf8 43. Ng4 Rd6+ 44. Kf5 f1=Q+ 45. Kxe4 Re6+ 0-1

[Event "*** Titled Tuesday Blitz"]
[Site "Chess.com"]
[Date "2019.10.01"]
[Round "10"]
[White "TrimitziosP7"]
[Black "TheFireChess"]
[Result "1-0"]
[WhiteElo "2744"]
[BlackElo "2516"]
[TimeControl "180+2"]
[EndTime "15:26:12 PDT"]
[Termination "TrimitziosP7 won by checkmate"]

1. Nf3 f5 2. Nc3 Nf6 3. d3 d6 4. e4 e5 5. exf5 Bxf5 6. d4 e4 7. Ng1 d5 8. Nge2 Bd6 9. Ng3 Bg6 10. Be2 O-O 11. Be3 c6 12. Qd2 b5 13. O-O a5 14. Rae1 a4 15. Nd1 Nbd7 16. f3 Bxg3 17.
hxg3 Qe7 18. Nf2 Rae8 19. Bd1 Nh5 20. Nh1 Qd6 21. f4 Nhf6 22. g4 Nb6 23. b3 axb3 24.
axb3 Ra8 25. g5 Nfd7 26. g4 Ra2 27. f5 Bf7 28. Qg2 Rfa8 29. Ng3 c5 30. dxc5 Nxc5 31.
Bf4 Qc6 32. Qh3 Qc8 33. Nh5 Bxh5 34. gxh5 d4 35. g6 h6 36. Bg4 Qf8 37. f6 Qxf6 38. Bxh6 Qe7 39. Bf4 Rxc2 40. h6 gxh6 41. Bxh6 Raa2 42.
Rf7 Rg2+ 43. Qxg2 Rxg2+ 44. Kxg2 Qe5 45. Rf8# 1-0

[Event "*** Titled Tuesday Blitz"]
[Site "Chess.com"]
[Date "2019.10.01"]
[Round "10"]
[White "NiranjanNavalgund"]
[Black "HanSchut"]
[Result "0-1"]
[WhiteElo "2389"]
[BlackElo "2230"]
[TimeControl "180+2"]
[EndTime "15:26:12 PDT"]
[Termination "HanSchut won by checkmate"]

1. Nh3 d5 2. d4 Bxh3 3. gxh3 Nc6 4. c4 e5 5. dxe5 dxc4 6. Qa4 Qd5 7. Rg1 O-O-O 8. Nc3 Bb4 9. Bf4 Qd4 10. Rd1 Qxf4 11. Rxd8+ Kxd8 12. e3 Qxe5 13. Bxc4 Bxc3+ 14. bxc3 Qxc3+ 15. Kf1 Nge7 16. Bxf7 Rf8 17. Be6 Qd2 18. Qh4 Ne5 19.
Rxg7 Ng6 20. Qg3 Qd6 21. Qg4 Qxh2 22. h4 Qxf2# 0-1

[Event "*** Titled Tuesday Blitz"]
[Site "Chess.com"]
[Date "2019.10.01"]
[Round "10"]
[White "MasterKroket"]
[Black "imdvb6307"]
[Result "1-0"]
[WhiteElo "2428"]
[BlackElo "2401"]
[TimeControl "180+2"]
[EndTime "15:26:15 PDT"]
[Termination "MasterKroket won by resignation"]

1. d4 f5 2. c4 Nf6 3. Nf3 d6 4. Nc3 g6 5. g3 Bg7 6. Bg2 O-O 7.
O-O Qe8 8. d5 a5 9. Qc2 Na6 10.
a3 Nc5 11. Be3 Nfe4 12. Bd4 Qf7 13. b4 axb4 14. axb4 Rxa1 15. Rxa1 Nxc3 16. Bxc3 Bxc3 17. Qxc3 Ne4 18. Qd4 e5 19. dxe6 Bxe6 20. Ra7 b6 21. c5 bxc5 22. bxc5 dxc5 23. Qe5 Qf6 24. Qxf6 Rxf6 25. Rxc7 c4 26. Ne5 Nc3 27.
Kf1 Nb5 28. Rc5 Nd6 29. Rc6 Bf7 30. Nd7 Re6 31. Bd5 Re7 32. Rxd6 Bxd5 33. Rxd5 c3 34.
Nc5 c2 35. Nd3 Rc7 36. Nc1 Rb7 37. Ke1 Kf7 38. Kd2 Ke6 39. Rd3 Rb2 40. Rc3 1-0

[Event "*** Titled Tuesday Blitz"]
[Site "Chess.com"]
[Date "2019.10.01"]
[Round "10"]
[White "dolynachess"]
[Black "Qvalda"]
[Result "1-0"]
[WhiteElo "2422"]
[BlackElo "2511"]
[TimeControl "180+2"]
[EndTime "15:26:21 PDT"]
[Termination "dolynachess won by resignation"]

1. d4 d5 2. c4 e6 3. Nf3 Nf6 4. g3 a6 5. Bg2 dxc4 6. O-O b5 7. Ne5 c6 8. a4 Bb7 9. Nc3 Nd5 10. e4 Nxc3 11.
bxc3 Bd6 12. Qh5 O-O 13. Ba3 Bxa3 14. Rxa3 Nd7 15. f4 Nf6 16. Qe2 c5 17. dxc5 Qc7 18. Qe3 Rac8 19. axb5 axb5 20. Ra7 Ra8 21. c6 Ng4 22.
Nxg4 Qxc6 23. Ne5 Qc8 24. Rfa1 Rxa7 25. Rxa7 f6 26. Qb6 fxe5 27. Qxb7 Qxb7 28. Rxb7 exf4 29. gxf4 Rxf4 30. Rxb5 Kf7 31. Rc5 Kf6 32. Rxc4 g5 33. e5+ Kxe5 34. Rxf4 gxf4 35. Kf2 Kf5 36. Kf3 e5 37.
Bh3+ Kg5 38. Bf1 Kf5 39. Bd3+ Ke6 40. Bxh7 Kd5 41. Bd3 1-0